Map: At Eternity's Edge LE

Players

Arrogfire - Winner!

  • Race: Protoss Protoss
  • League: Master
  • Spawn Location: 11:00

lorimbo

  • Race: Zerg Zerg
  • League: Grandmaster
  • Spawn Location: 5:00

Event: HomeStory Cup XXIX

VOD

Have the link to the VOD?

Description

Time

  • Played on: July 3, 2026, 2:28 p.m.
  • Length: 4:27

All games in this series

Show
View Real Time Build Order
Export as new Build Order

Arrogfire Protoss - Winner!

Build Orders:  

Get SALT Encoding   

  8  0:00  Probe (Chrono Boost)  
  9  0:12  Probe (Chrono Boost)  
  10  0:17  Probe (Chrono Boost)  
  11  0:26  Probe  
  12  0:33  Pylon  
  12  0:38  Probe  
  13  0:51  Probe  
  13  0:54  Gateway  
  14  1:03  Probe (Chrono Boost)  
  15  1:05  Assimilator  
  15  1:12  Probe (Chrono Boost)  
  15  1:17  Probe (Chrono Boost)  
  17  1:29  Probe  
  18  1:42  Cybernetics Core  
  18  1:51  Forge, Zealot  
  20  1:54  Pylon  
  20  1:57  Probe  
  21  2:06  Assimilator  
  21  2:12  Probe  
  22  2:17  Adept (Chrono Boost)  
  24  2:27  Photon Cannon  
  24  2:30  Pylon  
  24  2:42  Adept, Photon Cannon  
  26  2:52  Probe, Shield Battery  
  27  3:09  Probe  
  28  3:14  Pylon  
  28  3:20  Photon Cannon  
  30  3:34  Shield Battery  
  30  3:42  Photon Cannon  
  30  3:46  Gateway  
  28  3:52  Probe  
  29  4:03  Photon Cannon  
  29  4:07  Probe  
  28  4:18  Photon Cannon  
  28  4:20  Shield Battery  
Show
View Real Time Build Order
Export as new Build Order

lorimbo Zerg 

Build Orders: Hatch First 

Get SALT Encoding   

  8  0:00  Drone  
  9  0:10  Drone  
  10  0:16  Drone  
  11  0:23  Drone  
  12  0:31  Extractor  
  12  0:32  Drone  
  13  0:58  Hatchery  
  12  1:15  Spawning Pool  
  11  1:19  Drone  
  12  1:26  Extractor  
  12  1:27  Drone  
  13  1:33  Overlord  
  13  2:01  Zergling x2  
  13  2:02  Zergling x4  
  16  2:09  Queen  
  16  2:10  Zergling x2  
  16  2:15  Spine Crawler  
  18  2:19  Zergling x2  
  19  2:23  Zergling x2  
  20  2:31  Zergling x2  
  21  2:39  Spine Crawler  
  21  2:42  Zergling x2  
  21  2:50  Overlord  
  21  2:58  Zergling x2  
  22  3:06  Zergling x4  
  22  3:10  Drone  
  25  3:13  Drone  
  26  3:25  Spine Crawler  
  25  3:38  Zergling x4  
  27  3:41  Spine Crawler  
  26  3:49  Zergling x2  
  26  3:54  Zergling x2  
Tags
 
Add a new tag
Caveats
  • Supply blocks, unpowered buildings, or Contaminate may cause inaccurate times.
  • Supply counts are checked every 10 seconds.